 Dungeon Crawl Stone Soup version 0.22-a0-558-gc224181 (webtiles) character file.

2 Amnesiac the Vexing (level 1, 0/13 HPs)
             Began as a Mummy Enchanter on June 27, 2018.
             Slain by a leopard gecko (1 damage)
             ... on level 2 of the Dungeon.
             The game lasted 00:01:18 (285 turns).

Amnesiac the Vexing (Mummy Enchanter)                Turns: 285, Time: 00:01:19

Health: 0/13       AC:  4    Str: 11    XL:     1   Next: 33%
Magic:  0/4        EV: 12    Int: 17    God:
Gold:   25         SH:  0    Dex: 12    Spells: 4/5 levels left

rFire    x . .     SeeInvis .   a - +1 dagger
rCold    + . .     Gourm    .   (no shield)
rNeg     + + +     Faith    .   b - +0 robe
rPois    ∞         Spirit   .   f - +1 helmet {Int+3}
rElec    .         Reflect  .   (no cloak)
rCorr    .         Harm     .   (no gloves)
MR       .....                  (no boots)
Stlth    ++........             (no amulet)
HPRegen  0.04/turn              (no ring)
MPRegen  0.09/turn              (no ring)

@: no status effects
A: no food or potions, fire vulnerability, cold resistance 1, negative energy
resistance 3, torment resistance, unbreathing
a: no special abilities


You were on level 2 of the Dungeon.
You were not hungry.

You visited 1 branch of the dungeon, and saw 2 of its levels.

You collected 25 gold pieces.

Inventory:

Hand Weapons
 a - a +1 dagger (weapon)
 g - a +0 mace of protection
Armour
 b - a +0 robe (worn)
 f - a +1 helmet of intelligence (worn)
Scrolls
 c - a scroll of enchant armour {!r, unknown}
 d - a scroll of identify {!r, unknown}
 e - a scroll of teleportation {!r, unknown}
 h - a scroll of remove curse {!r, unknown}


   Skills:
 + Level 0.8 Short Blades
 - Level 1.5 Dodging
 - Level 2.4 Stealth
 + Level 2.7 Spellcasting
 * Level 2.8 Hexes


You had 4 spell levels left.
You knew the following spells:

 Your Spells              Type           Power        Failure   Level  Hunger
a - Corona                Hex            ##.....      6%          1    N/A

Your spell library contained the following spells:

 Spells                   Type           Power        Failure   Level  Hunger
 Confuse                  Hex            ##......     17%         3    N/A
 Tukima's Dance           Hex            ##......     17%         3    N/A
 Ensorcelled Hibernation  Hex/Ice        #.....       16%         2    N/A
 Dazzling Spray           Conj/Hex       #.....       30%         3    N/A

Dungeon Overview and Level Annotations

Branches:
Dungeon (2/15)

Altars:

Annotations:
D:2 1 exclusion


Innate Abilities, Weirdness & Mutations

You do not eat or drink.
Your flesh is vulnerable to fire.
You are immune to poison.
Your flesh is cold resistant. (rC+)
You are immune to negative energy. (rN+++)
You are immune to unholy pain and torment.
You can survive without breathing.


Message History

You hit the hobgoblin.
The hobgoblin is severely wounded.
The hobgoblin completely misses you.
You barely miss the hobgoblin.
The hobgoblin is severely wounded.
The hobgoblin misses you.
You hit the hobgoblin but do no damage.
The hobgoblin is severely wounded.
The leopard gecko barely misses you. The hobgoblin barely misses you.
The leopard gecko bites you.
You hit the hobgoblin but do no damage.
The hobgoblin is severely wounded.
The hobgoblin barely misses you. The leopard gecko bites you.
You hit the hobgoblin.
You kill the hobgoblin!
The leopard gecko bites you.
* * * LOW HITPOINT WARNING * * *
Casting: Corona (safe; 6% risk of failure)
Confirm with . or Enter, or press ? or * to list all spells.
Aiming: Corona (safe; 6% risk of failure)
Press: ? - help, Shift-Dir - straight line, f - leopard gecko
Aim: a leopard gecko (clinging, chance to defeat MR: 64%)
The leopard gecko is outlined in light.
The leopard gecko bites you but does no damage.
The leopard gecko bites you.
* * * LOW HITPOINT WARNING * * *
Unknown command.
You hit the leopard gecko.
The leopard gecko is moderately wounded.
The leopard gecko closely misses you.
You hit the leopard gecko but do no damage.
The leopard gecko is moderately wounded.
The leopard gecko barely misses you.
You hit the leopard gecko.
The leopard gecko is heavily wounded.
The leopard gecko bites you but does no damage.
You closely miss the leopard gecko.
The leopard gecko is moderately wounded.
The leopard gecko bites you but does no damage.
Okay, then.
You hit the leopard gecko.
The leopard gecko is almost dead.
The leopard gecko stops glowing.
The leopard gecko bites you but does no damage.
Casting: Corona (safe; 6% risk of failure)
Confirm with . or Enter, or press ? or * to list all spells.
Aiming: Corona (safe; 6% risk of failure)
Press: ? - help, Shift-Dir - straight line, f/p - leopard gecko
Aim: a leopard gecko (almost dead, clinging, chance to defeat MR: 64%)
The leopard gecko is outlined in light.
The leopard gecko misses you.
Unknown command.
You closely miss the leopard gecko.
The leopard gecko is almost dead.
The leopard gecko completely misses you.
Unknown command.
You barely miss the leopard gecko.
The leopard gecko is almost dead.
The leopard gecko closely misses you. The leopard gecko bites you.
* * * LOW HITPOINT WARNING * * *
Unknown command.
You barely miss the leopard gecko.
The leopard gecko is almost dead.
The leopard gecko bites you.
You die...

... ##.# #...... ..
##..###...#
#####.#.##>..#
...#.##......#
........##...#####
....(##..........#
...#.........†..!#
.................#
........##....##@#
..............##l##
..............##..#
................†..#
...............>......
#########.##..###..####
# #. #.. ..# ## #. ..#
.# . ..#


You could see a leopard gecko.

Vanquished Creatures
  A hobgoblin (D:2)
  A frilled lizard (D:2)
  A rat (D:2)
3 creatures vanquished.

Notes
Turn   | Place    | Note
-------+----------+-------------------------------------------
     0 | D:1      | Amnesiac the Mummy Enchanter began the quest for the Orb.
     0 | D:1      | Reached XP level 1. HP: 13/13 MP: 4/4
    39 | D:2      | Noticed a moth of wrath
   285 | D:2      | Slain by a leopard gecko

Vault maps used:
D:1:      moated_graveyard_arrival
D:2:      minmay_roachtagon, nicolae_ashenzari_panopticon, marbit_many_paths,
          tgw_trog, minmay_statues_item, hangedman_ru_absence,
          uniq_crazy_yiuf_cottage

Action                   || total
-------------------------++-------
Melee: Dagger            ||    17
 Cast: Corona            ||     5
 Stab: Sleeping          ||     1
Armor: Robe              ||     6
Dodge: Dodged            ||    14

Table legend:
 A = Spawn XP
 B = Non-spawn XP
 C = Spawn XP percentage of total XP
 D = Spawn monster count
 E = Non-spawn monster count
 F = Spawn count percentage of total count
 G = Total turns spent on level
                    A         B        C        D         E        F      G
               +---------+---------+-------+---------+---------+-------+---------
         Total |       0 |       4 |   0.0 |       0 |       3 |   0.0 |   285
               +---------+---------+-------+---------+---------+-------+---------
           D:2 |       0 |       4 |   0.0 |       0 |       3 |   0.0 |   112
               +---------+---------+-------+---------+---------+-------+---------
